 Dungeon Crawl Stone Soup version 0.22.1-2-g9c5b331383 (webtiles) character file.

227 Elric the Grave Robber (level 5, -4/38 HPs)
             Began as a Demonspawn Necromancer on Nov 18, 2018.
             Slain by Grinder (6 damage)
             ... while paralysed by Grinder
             ... on level 4 of the Dungeon.
             The game lasted 00:14:30 (4487 turns).

Elric the Grave Robber (Demonspawn Necromancer)     Turns: 4487, Time: 00:14:30

Health: -4/38      AC:  7    Str:  9    XL:     5   Next: 70%
Magic:  10/10      EV:  2    Int: 17    God:
Gold:   215        SH:  0    Dex: 13    Spells: 2/11 levels left

rFire    . . .     SeeInvis .   e - 6 scrolls of remove curse {unknown}
rCold    . . .     Gourm    .   (no shield)
rNeg     . . .     Faith    .   a - +0 robe
rPois    .         Spirit   .   (helmet restricted)
rElec    .         Reflect  .   (no cloak)
rCorr    .         Harm     .   l - +2 pair of gloves
MR       .....                  (no boots)
Stlth    ++........             (no amulet)
HPRegen  0.12/turn              (no ring)
MPRegen  0.12/turn              (no ring)

@: paralysed
A: antennae 1, molten scales 1, demonic guardian 1
a: no special abilities


You were on level 4 of the Dungeon.
You were not hungry.

You visited 1 branch of the dungeon, and saw 4 of its levels.

You collected 215 gold pieces.

Inventory:

Armour
 a - a +0 robe (worn)
 l - a +2 pair of gloves (worn)
Wands
 m - a wand of enslavement (8)
Scrolls
 b - a scroll of fear {unknown}
 e - 6 scrolls of remove curse (in hand) {unknown}
 f - a scroll of enchant weapon {unknown}
 g - 3 scrolls of identify {unknown}
 i - a scroll of noise {unknown}
 k - 2 scrolls of teleportation {unknown}
Potions
 d - a potion of might (quivered) {unknown}
 h - a potion of degeneration {unknown}
 j - a potion of curing {unknown}
 n - 2 potions of cancellation {unknown}
Comestibles
 c - 6 rations


   Skills:
 + Level 2.2 Fighting
 - Level 1.7 Dodging
 - Level 1.7 Stealth
 * Level 3.8 Spellcasting
 * Level 5.9 Necromancy


You had 2 spell levels left.
You knew the following spells:

 Your Spells              Type           Power        Failure   Level  Hunger
a - Pain                  Necr           ###.         1%          1    None
b - Animate Skeleton      Necr           N/A          1%          1    None
c - Regeneration          Chrm/Necr      ##........   14%         3    ###....
d - Animate Dead          Necr           N/A          14%         4    ####...

Your spell library contained the following spells:

 Spells                   Type           Power        Failure   Level  Hunger
 Confusing Touch          Hex            #.....       16%         1    None
 Vampiric Draining        Necr           ###.......   4%          3    ###....
 Confuse                  Hex            #.......     43%         3    ###....
 Gell's Gravitas          Tloc           #.........   43%         3    ###....
 Petrify                  Tmut/Erth      #.......     85%         4    ####...
 Metabolic Englaciation   Hex/Ice        #.........   99%         5    ######.
 Yara's Violent Unravell  Hex/Tmut       #.........   99%         5    ######.


Dungeon Overview and Level Annotations

Branches:
Dungeon (4/15)
 Temple: D:4-7

Altars:
Nemelex Xobeh
Okawaru
Xom

Annotations:
D:4 Grinder


Innate Abilities, Weirdness & Mutations

You have a pair of small antennae on your head.
You are partially covered in molten scales. (AC +2)
A weak demonic guardian rushes to your aid.


Message History

Confirm with . or Enter, or press ? or * to list all spells.
You can't see any susceptible monsters within range! (Use Z to cast anyway.) Unknown command.
Quiver which item? (- for none, * to show all) (? for menu, Esc to quit)
Quivering
d - a fizzy silvery potion for throwing.
Drop what? 14/52 slots (_ for help) (? for menu, Esc to quit)
Okay, then.
The orc wizard mumbles some strange words.
The orc wizard blinks!
You feel yourself speed up.
Grinder blinks!
Your white imp gestures at Grinder.
The puff of frost hits Grinder.
Grinder resists.
Grinder closely misses you.
You swap places.
Your white imp closely misses Grinder.
Grinder gestures at you.
You suddenly lose the ability to move!
The orc wizard gestures wildly while chanting.
The orc wizard blinks!
Your white imp barely misses Grinder.
Grinder hits you.
You die...

..##).#.<...oo......(..#
..##..#..(..#####.....##
............# #....##
.##...#..5..# #.####
......#.....#####.#
......##.........o#
###.####.#######..# #.
#.# #5.#
#.####.#######@5#
#..._...##......#
######5.##.###.##
#..##.# #.# #..##.###.#
#.........# ###########


You could see Grinder, an orc and a friendly white imp.

Vanquished Creatures
  A centaur (D:4)
  2 worker ants
  2 adders (D:2)
  A worm (D:2)
  3 dart slugs
  5 leopard geckos
  3 orcs
  4 giant cockroaches
  4 goblins
  8 hobgoblins
  5 kobolds
  4 quokkas
  A ball python (D:3)
  8 bats
  10 frilled lizards
  6 rats
67 creatures vanquished.

Vanquished Creatures (collateral kills)
  An orc (D:4)
  A goblin (D:3)
  3 rats
5 creatures vanquished.

Grand Total: 72 creatures vanquished

Notes
Turn   | Place    | Note
-------+----------+-------------------------------------------
     0 | D:1      | Elric the Demonspawn Necromancer began the quest for the
                  | Orb.
     0 | D:1      | Reached XP level 1. HP: 13/13 MP: 3/3
    62 | D:1      | Learned a level 1 spell: Animate Skeleton
   222 | D:1      | Gained mutation: You have a pair of small antennae on your
                  | head. [demonic ancestry]
   222 | D:1      | Reached XP level 2. HP: 16/20 MP: 1/5
   856 | D:1      | Reached skill level 1 in Fighting
   975 | D:1      | Gained mutation: A weak demonic guardian rushes to your
                  | aid. [demonic ancestry]
   975 | D:1      | Reached XP level 3. HP: 25/26 MP: 3/6
  1032 | D:1      | Learned a level 3 spell: Regeneration
  2033 | D:2      | Reached skill level 5 in Necromancy
  2449 | D:2      | Gained mutation: You are partially covered in molten
                  | scales. (AC +2) [demonic ancestry]
  2449 | D:2      | Reached XP level 4. HP: 24/32 MP: 0/8
  2644 | D:2      | Found an iron altar of Okawaru.
  3361 | D:3      | Learned a level 4 spell: Animate Dead
  3422 | D:3      | Found a sparkling altar of Nemelex Xobeh.
  3931 | D:4      | Noticed Grinder
  3965 | D:4      | Found a shimmering altar of Xom.
  3999 | D:4      | Reached XP level 5. HP: 25/38 MP: 3/10
  4053 | D:4      | Noticed a centaur
  4062 | D:4      | Killed a centaur
  4483 | D:4      | HP: 1/38 [Grinder (5)]
  4486 | D:4      | Paralysed by Grinder for 6 turns
  4487 | D:4      | Slain by Grinder

Skill      XL: |  1  2  3  4  5 |
---------------+----------------+-----
Fighting       | 1 2 |  2.2
Necromancy     | 5 |  5.9
Spellcasting   | 3 |  3.8
Dodging        | |  1.7
Stealth        | |  1.7

Action                   |  1- 3 |  4- 6 || total
-------------------------+-------+-------++-------
Melee: Unarmed           |     5 |     8 ||    13
 Cast: Pain              |    80 |    64 ||   144
       Animate Skeleton  |    18 |     9 ||    27
       Animate Dead      |       |     2 ||     2
Evoke: Wand              |       |     4 ||     4
  Eat: Chunk             |     5 |       ||     5
       Ration            |       |     2 ||     2
Armor: Robe              |     5 |    15 ||    20
Dodge: Dodged            |    18 |    37 ||    55
